[Event "DFMM-LV 2023"]
[Site "Braunfels"]
[Date "2023.06.09"]
[Round "1.25"]
[White "Roessler, Ulrike"]
[Black "Krasnopeyeva, Julia"]
[Result "1-0"]
[Annotator "TA"]
[ECO "B43"]
[WhiteElo "2176"]
[BlackElo "1895"]
[PlyCount "47"]
[EventDate "2023.06.09"]
[EventType "team-tourn"]
[EventCountry "GER"]
[SourceTitle "playchess.com"]
[Source "ChessBase"]
[SourceQuality "1"]
[TimeControl "40/5400+30:1800+30"]

1. e4 c5 2. Nf3 e6 3. d4 cxd4 4. Nxd4 a6 5. Nc3 b5 6. Bd3 Bb7 7. O-O Nc6 8. Nxc6 Bxc6 9. b3 {[%emt 0:02:21] [#] B43: Sicilian: Kan Variation: 5 Nc3.} Qc7 $146 ({Predecessor:} 9... Qb8 10. Kh1 Ne7 11. f4 Ng6 12. Qh5 Bd6 13. Ne2 Qb7 14. f5 exf5 15. Qxf5 O-O 16. Nd4 Rae8 17. Nxc6 dxc6 {1-0 Shimanov,A (2581)-Vallejo Pons,F (2712) ChessKid Cup Play In blitz 2023 (5)}) 10. Bb2 Nf6 11. Qe2 {[%emt 0:05:52] The position is equal.} Bd6 12. Kh1 h5 (12... Bxh2 13. g3 Bxg3 14. fxg3 $16) 13. e5 Bxe5 14. Nxb5 $1 Qb7 (14... Bxg2+ $5 15. Kxg2 Qc6+ 16. Qf3 (16. Be4 Nxe4 17. Bxe5 axb5 $17) 16... Qxf3+ 17. Kxf3 Bxb2 18. Nc7+ Ke7 $15) 15. Bxe5 (15. f4 $11 Bxg2+ 16. Qxg2 Qxg2+ 17. Kxg2 Bxb2 18. Nc7+ Ke7 19. Rab1) 15... Bxg2+ $17 (15... axb5 16. f3 $14) 16. Kg1 {[%emt 0:00:07] [#] Nd6+ would be deadly.} axb5 17. Rfe1 Bf3 ({Better is} 17... b4 {And now ...h4 would win.} 18. c4 h4) 18. Qd2 b4 19. Qf4 Bc6 (19... Bh1 $17 20. Kf1 Rh6) 20. Bd6 $11 {[%emt 0:02:04] A strong pair of Bishops.} Nd5 21. Qg5 Nf6 {[%emt 0:00:31] Dodges Re4} (21... g6 $2 22. Be4 f6 23. Qxg6+ Kd8 24. Qg7 $18) (21... Qb6 $5 ) 22. Re5 {[%emt 0:09:49][%cal Og5h4][%mdl 1024] White has compensation.} (22. Qxg7 $2 Rg8 $19) 22... O-O-O $2 {[%emt 0:01:11][%mdl 8192] [#]} (22... Rg8 $2 23. Bh7 Rh8 24. Qxg7 $18) (22... Qb6 $11 23. Rc5 (23. Qxg7 $2 Rg8 $19) (23. Bc5 Qb8 $11) 23... h4) 23. Ra5 $18 (23. Qxg7 $2 {perishes.} Rdg8 $19) ({Not} 23. Rc5 h4 24. Ra5 (24. Qxg7 $2 Rdg8 $19) 24... Rh5 25. Qxh5 Nxh5 $18) 23... Nd5 24. Ba6 {[%emt 0:00:14] Weighted Error Value: White=0.17 (very precise) /Black=0.39} (24. Qxg7 $2 {too greedy.} Rdg8 25. Bg3 Rxg7 $19) 1-0

[Event "DFMM-LV 2023"]
[Site "Braunfels"]
[Date "2023.06.09"]
[Round "1.26"]
[White "Mader, Lena"]
[Black "Korenova, Martina"]
[Result "0-1"]
[Annotator "TA"]
[ECO "A24"]
[WhiteElo "1778"]
[BlackElo "2151"]
[PlyCount "80"]
[EventDate "2023.06.09"]
[EventType "team-tourn"]
[EventCountry "GER"]
[SourceTitle "playchess.com"]
[Source "ChessBase"]
[SourceQuality "1"]
[TimeControl "40/5400+30:1800+30"]

1. c4 g6 2. g3 Bg7 3. Bg2 Nf6 4. Nf3 O-O 5. Nc3 d6 6. O-O e5 7. d3 c6 8. Rb1 Re8 9. e3 {[%emt 0:17:10] A24: English Opening vs King's Indian: Lines without ...Nc6.} d5 {[%emt 0:00:30] [#]} 10. b3 $146 ({Predecessor:} 10. Qc2 Qc7 11. Bd2 Na6 12. cxd5 cxd5 13. Rbc1 Qe7 14. a3 Bd7 15. b4 Rac8 16. Qb3 Nc7 {1-0 Bogdanic,K (1917)-Jurakic,L (1759) CRO-chT U16 Nasice 2017 (3)}) 10... Bf5 11. Nh4 {[%emt 0:01:21] The position is equal.} Bg4 12. Qc2 Na6 13. Ba3 Rc8 14. h3 Be6 15. Nf3 {[%emt 0:01:35] [#]} b5 $1 16. Bc1 (16. cxb5 $2 cxb5 17. Qd2 (17. Nxe5 $2 b4 $19) 17... b4 $19) (16. Nxe5 $2 b4 17. Bb2 (17. cxd5 $2 cxd5 18. Bxb4 Nxb4 $19) 17... bxc3 18. Bxc3 Nd7 $17) (16. Ne2 $15) (16. Bb2 bxc4) 16... Nb4 $17 ({Of course not} 16... bxc4 $6 17. bxc4 dxc4 18. dxc4 $11 (18. Nxe5 Bf5 $17)) 17. Qe2 {[%emt 0:02:53] [#]} Nxd3 $1 {[%emt 0:02:34][%mdl 512] Black is more active.} 18. cxd5 (18. Qxd3 e4) 18... Nxc1 19. Rbxc1 Nxd5 20. Ne4 ({Better is} 20. Nxd5 Bxd5 21. e4) 20... Qe7 (20... f5 $17 21. Nc5 e4) 21. Nc5 $15 Red8 22. Nxe6 (22. Rfd1 $11 {was preferrable.}) 22... Qxe6 $17 ({Don't play} 22... fxe6 23. Nd2 $11) 23. Ng5 Qe7 24. Ne4 f5 25. Nc5 {[%emt 0:00:35] This costs White the game.} (25. Nc3 $17) 25... e4 $19 {[%emt 0:00:38] aiming for ...Nc3.} 26. Qe1 {[%emt 0:05:40] Prevents Nc3. White is weak on the dark squares} a5 27. Kh2 (27. Qxa5 $142 Ra8 28. Na6) 27... Kh8 (27... Bb2 $142 28. Rc2 Ba3 29. Nxe4 fxe4) 28. Rg1 $2 (28. a3) 28... b4 (28... Bb2 $142 {Hoping for ...Ba3.} 29. Rc2 Ba3) 29. Na4 Qf6 30. Bf1 Nc3 31. Nxc3 (31. Be2 {keeps fighting.}) 31... bxc3 32. Rc2 Rd6 33. Bc4 Rcd8 34. Kg2 Rd2 35. Qb1 (35. Rxd2 $142 Rxd2 36. h4) 35... Qg5 36. Rf1 Qxe3 37. a3 Qf3+ {[%emt 0:01:09] Black mates.} 38. Kg1 e3 39. b4 exf2+ 40. Kh2 Be5 {[%emt 0:00:12] Artfully played by Korenova.   Weighted Error Value: White=0.74/Black=0.21 (precise)} 0-1

[Event "DFMM-LV 2023"]
[Site "Braunfels"]
[Date "2023.06.09"]
[Round "1.27"]
[White "Steinbacher, Claudia"]
[Black "Nikolaeva, Mariya A"]
[Result "1-0"]
[Annotator "TA"]
[ECO "E80"]
[WhiteElo "2039"]
[BlackElo "1249"]
[PlyCount "109"]
[EventDate "2023.06.09"]
[EventType "team-tourn"]
[EventCountry "GER"]
[SourceTitle "playchess.com"]
[Source "ChessBase"]
[SourceQuality "1"]
[TimeControl "40/5400+30:1800+30"]

1. d4 Nf6 2. c4 g6 3. Nc3 Bg7 4. e4 d6 5. f3 c6 6. Be3 a6 7. a4 $1 {[%emt 0:01:43][%mdl 4] is currently scoring better than 7.Qd2.} a5 8. Nge2 {[%emt 0:04:09] E80: King's Indian: Sämisch: Lines without early ...0-0.} Na6 9. Qd2 Nb4 10. Na2 {[%emt 0:03:55] White has an edge.} Nxa2 11. Rxa2 Nd7 12. Nc3 O-O 13. Be2 e5 {[%emt 0:05:50] [#]} 14. d5 $146 ({Predecessor:} 14. O-O Qe7 15. Rd1 Re8 16. Bf1 Bf8 17. Bg5 f6 18. Be3 exd4 19. Bxd4 Nc5 20. Bf2 {0-1 Cuellar Gacharna,M (2345)-Garcia,L (2350) Bogota 1976 (2)}) 14... c5 15. g4 Nb8 (15... f5 $142) 16. h4 $16 f6 17. Bd1 Na6 18. b3 (18. h5 $16) 18... Bd7 (18... Nb4 $14) 19. Qg2 g5 20. Qf1 h6 21. Rah2 Kf7 22. hxg5 fxg5 ({Black should play} 22... hxg5 23. Rh7 Rh8) 23. Ne2 Qf6 {[%emt 0:03:03] [#]} 24. Ng3 $1 Rh8 25. Nf5 Bxf5 26. gxf5 ({Don't play} 26. exf5 Nb4 $16) 26... Ke7 {[%emt 0:00:58] Black is weak on the light squares} 27. Qf2 Nb4 {[%emt 0:01:36] [#] ...Nd3+ is the strong threat.} 28. Kd2 {[%emt 0:00:21] Dodges Nd3} Kd7 29. Be2 b6 30. Bf1 Rag8 31. Rh5 Na6 32. Bh3 Kc7 33. Bg4 Nb8 34. Kd3 Nd7 35. R5h2 {[%emt 0:00:37] White is more active.} Kb7 (35... Bf8 $16 36. Bh5 Qe7) 36. Bh5 $18 Nf8 (36... Nb8 $142 37. Kc2 Na6) 37. Be8 Kc7 38. Bc6 {[%emt 0:01:56][%cal Ob3b4] Hoping for b4!} Nd7 39. b4 Nb8 $2 (39... axb4 40. Ra1 Ra8) 40. bxc5 (40. bxa5 $142 Nxc6 41. axb6+ Kxb6 42. Rb1+ Kc7 43. dxc6) 40... bxc5 $2 (40... dxc5 {was worth a try.} 41. Bb5 Rc8) 41. Bb5 ({Not} 41. Qb2 Nxc6 42. dxc6 Rb8 $16) 41... Nd7 42. Bd2 Ra8 43. Qe1 Rhb8 44. Bxa5+ Kc8 45. Qc3 {[%emt 0:02:06] Threatens to win with Rb2.} Rb7 (45... g4 $142 46. fxg4 Qg5) 46. Bc6 {[%emt 0:00:39] This pair of bishops is nice.} Rab8 47. Bxb7+ Rxb7 48. Rb2 {[%emt 0:00:21] Intending Rxb7 and mate.} Ra7 49. Rb5 {[%emt 0:00:57] White threatens Qb3 and mate.} g4 50. Qd2 {[%emt 0:04:31] aiming for Rhb1.} gxf3 51. Rg1 Nf8 52. Qf2 (52. Qb2 $142 Kd7 53. Rb7+ {[%mdl 64] Skewer} Rxb7 54. Qxb7+ Ke8 55. Rxg7 Qxg7 56. Qxg7 Nd7 57. f6) 52... Nh7 53. Rg6 Qe7 54. Qxf3 (54. Re6 $142 Qd7 55. Qb2 Ra8 56. Rxc5+ dxc5 57. Qb6 Rxa5 58. Rc6+ Qxc6 59. dxc6) 54... Qh4 55. Rxd6 {[%emt 0:02:00] Artfully played by Steinbacher.   Weighted Error Value: White=0.22 (precise) /Black=0.66} 1-0

[Event "DFMM-LV 2023"]
[Site "Braunfels"]
[Date "2023.06.09"]
[Round "1.28"]
[White "Moench, Dorothee"]
[Black "Just, Anita"]
[Result "0-1"]
[Annotator "TA"]
[ECO "C00"]
[WhiteElo "1722"]
[BlackElo "1910"]
[PlyCount "56"]
[EventDate "2023.06.09"]
[EventType "team-tourn"]
[EventCountry "GER"]
[SourceTitle "playchess.com"]
[Source "ChessBase"]
[SourceQuality "1"]
[TimeControl "40/5400+30:1800+30"]

1. e4 e6 2. f4 d5 3. e5 c5 4. Nf3 Nc6 5. Bb5 Bd7 6. O-O {[%emt 0:00:29] [#] C00: French: Unusual White 2nd moves.} (6. Be2 $11) 6... Nxe5 $1 $17 {[%emt 0:09:32][%mdl 64] Discovered Attack} 7. fxe5 {[%emt 0:01:30] Hoping for Qe2.} (7. Nxe5 Bxb5) 7... Bxb5 8. d3 {[%emt 0:00:39] Black is better.} Be7 {[%emt 0:01:55] [#]} 9. a4 $146 ({Predecessor:} 9. Nc3 Bc6 10. Qe2 Qd7 11. Bg5 f6 12. exf6 gxf6 13. Bh4 O-O-O 14. a4 Nh6 15. Nb5 {0-1 Wisniewski,J (2000)-Wargulec,D (2000) POL-chT Region 0607 2006 (10)}) 9... Bc6 10. Qe1 Nh6 11. Bxh6 gxh6 12. Qe3 Qb6 13. b3 O-O-O 14. Nbd2 Qb4 15. d4 cxd4 {[%emt 0:02:43][%mdl 64] [#] Deflection} 16. Nxd4 (16. Qd3 $17) 16... Bg5 $19 {[%emt 0:01:55][%mdl 64] Skewer} 17. Rf4 Bxf4 18. Qxf4 Rhg8 19. N2f3 Qc3 20. Rf1 Rg7 21. g3 h5 {[%emt 0:05:24] Strongly threatening ...Rg4.} 22. Kg2 $2 {[%emt 0:01:35] Now White is beyond hope.} (22. Rd1 $17 {is tougher.}) 22... Rg4 {[%emt 0:08:50][%mdl 64] Skewer} 23. Qxf7 Rxd4 24. Nxd4 Qxd4 25. Qxh5 Qe4+ 26. Kh3 Qxc2 {[%emt 0:01:49] aiming for ...d4.} 27. Qh6 d4 {[%emt 0:02:15] ( -> ...Qg2+)} 28. Qxe6+ Bd7 {[%emt 0:00:13] Weighted Error Value: White=1.18/Black=0.18 (very precise)} 0-1

[Event "DFMM-LV 2023"]
[Site "Braunfels"]
[Date "2023.06.09"]
[Round "1.29"]
[White "Kosovska, Olena"]
[Black "Richter, Johanna"]
[Result "1-0"]
[Annotator "NA RC COMBH"]
[ECO "B23"]
[WhiteElo "1894"]
[BlackElo "1470"]
[PlyCount "49"]
[EventDate "2023.06.09"]
[EventType "team-tourn"]
[EventCountry "GER"]
[SourceTitle "playchess.com"]
[Source "ChessBase"]
[SourceQuality "1"]
[TimeControl "40/5400+30:1800+30"]

1. e4 c5 2. Nc3 Nc6 3. f4 e6 4. Nf3 g6 5. Bb5 Bg7 6. Bxc6 bxc6 7. e5 f5 8. O-O Ne7 9. d3 O-O 10. Be3 Qa5 11. Nd2 Nd5 12. Nxd5 exd5 13. Nb3 Qd8 14. Bxc5 Re8 15. c4 dxc4 16. dxc4 Qh4 17. Qd4 a6 18. Rad1 Re6 19. Bd6 g5 20. g3 Qh5 21. fxg5 Qxg5 22. Rf4 Bh6 23. Rdf1 c5 24. Nxc5 Rg6 25. Qd5+ 1-0

[Event "DFMM-LV 2023"]
[Site "Braunfels"]
[Date "2023.06.09"]
[Round "1.30"]
[White "Zemke, Christine"]
[Black "Lowke, Kathrin"]
[Result "1/2-1/2"]
[Annotator "NA RC COMBH"]
[ECO "A48"]
[WhiteElo "1682"]
[BlackElo "1848"]
[PlyCount "62"]
[EventDate "2023.06.09"]
[EventType "team-tourn"]
[EventCountry "GER"]
[SourceTitle "playchess.com"]
[Source "ChessBase"]
[SourceQuality "1"]
[TimeControl "40/5400+30:1800+30"]

1. d4 Nf6 2. e3 g6 3. Bd3 Bg7 4. c3 d6 5. Nf3 O-O 6. O-O Nc6 7. Nbd2 e5 8. Qc2 Qe7 9. e4 Nh5 10. d5 Nd8 11. Nb3 Nf4 12. Bxf4 exf4 13. Nfd4 c5 14. dxc6 Nxc6 15. Nxc6 bxc6 16. f3 Qc7 17. Rfe1 Rb8 18. Rab1 Be6 19. Nc1 Qa5 20. Kh1 Rb7 21. b4 Qg5 22. a3 h5 23. Ne2 h4 24. Nd4 Bd7 25. Bf1 Rfb8 26. Qd2 Be5 27. Rbc1 Kg7 28. Bc4 Qf6 29. Ne2 Rh8 30. h3 Rhb8 31. Red1 Rd8 1/2-1/2

[Event "DFMM-LV 2023"]
[Site "Braunfels"]
[Date "2023.06.09"]
[Round "1.32"]
[White "Perovic-Ottstadt, Sanja"]
[Black "Gottschall, Ina"]
[Result "0-1"]
[Annotator "NA RC COMBH"]
[ECO "A48"]
[WhiteElo "1443"]
[BlackElo "1673"]
[PlyCount "90"]
[EventDate "2023.06.09"]
[EventType "team-tourn"]
[EventCountry "GER"]
[SourceTitle "playchess.com"]
[Source "ChessBase"]
[SourceQuality "1"]
[TimeControl "40/5400+30:1800+30"]

1. d4 g6 2. Nf3 Bg7 3. c3 d6 4. Bg5 Nf6 5. Nbd2 c5 6. e3 O-O 7. Be2 Nc6 8. O-O Re8 9. dxc5 dxc5 10. Qc2 Qc7 11. Bf4 e5 12. Bg3 Nh5 13. e4 Nxg3 14. hxg3 a6 15. Rfe1 Kh8 16. Rad1 f5 17. Bc4 f4 18. gxf4 exf4 19. Bd5 Ne5 20. Nxe5 Rxe5 21. Nf3 Rh5 22. Qb3 Bg4 23. Rd3 Rd8 24. Red1 b5 25. c4 b4 26. Qc2 Bxf3 27. Rxf3 Qe5 28. b3 Qg5 29. Bb7 Rxd1+ 30. Qxd1 Bd4 31. Bxa6 Qh4 32. Kf1 Qh1+ 33. Ke2 Qxd1+ 34. Kxd1 Rh1+ 35. Ke2 g5 36. Rh3 Ra1 37. Kf3 Rxa2 38. Bb5 Rxf2+ 39. Kg4 Rxg2+ 40. Kf5 Rg3 41. Rh6 f3 42. e5 f2 43. Rf6 Rf3+ 44. Kxg5 Rxf6 45. exf6 Bxf6+ 0-1

[Event "DFMM-LV 2023"]
[Site "Braunfels"]
[Date "2023.06.09"]
[Round "1.33"]
[White "Wagner, Margarethe"]
[Black "Koehler, Inken"]
[Result "1-0"]
[Annotator "TA"]
[ECO "B42"]
[WhiteElo "1831"]
[BlackElo "2008"]
[PlyCount "135"]
[EventDate "2023.06.09"]
[EventType "team-tourn"]
[EventCountry "GER"]
[SourceTitle "playchess.com"]
[Source "ChessBase"]
[SourceQuality "1"]
[TimeControl "40/5400+30:1800+30"]

1. e4 c5 2. Nf3 e6 3. d4 cxd4 4. Nxd4 Nf6 5. Nc3 d6 6. Bd3 a6 7. O-O Qc7 8. Qe2 Be7 9. a4 {[%emt 0:04:05] B42: Sicilian: Kan Variation: 5 Bd3.} b6 {[%emt 0:02:30] [#]} 10. Na2 $146 ({Predecessor:} 10. f4 Nbd7 11. Bd2 Bb7 12. Kh1 h5 13. Rae1 h4 14. Kg1 Rc8 15. Bxa6 h3 16. Ndb5 Qb8 17. Bxb7 Qxb7 {1-0 Najer,E (2679)-Pichot,A (2544) Wch Blitz Doha 2016 (11)}) 10... O-O 11. c4 {[%emt 0:01:44] The position is equal.} Nbd7 12. b3 Bb7 13. f3 (13. Re1 $11 {keeps the balance.}) 13... Ne5 (13... d5 $17 14. exd5 Bc5) 14. Re1 (14. Bb2 $11) 14... Rfe8 ({Black should play} 14... d5 $1 $17 15. cxd5 Bc5) 15. Kh1 Rad8 16. Bc2 Ng6 (16... d5 $17 {...dxe4 is the strong threat.} 17. exd5 exd5) 17. Bb2 $11 Nd7 18. Rad1 Bf6 19. Qf2 Qc5 20. Qd2 Qh5 21. Qf2 Nf4 22. Ba1 (22. Nc3 $11) 22... Be5 $15 23. g3 (23. h3 $11) 23... Nh3 $17 24. Qg2 Ng5 $2 (24... f5 $1 $17 {Hoping for ...Ng5.} 25. Nc3 Ng5) 25. f4 $14 Bxd4 26. Bxd4 (26. g4 $1 $14 Qh4 27. Bxd4) 26... Nf3 $36 {[%emt 0:01:30][%mdl 2048] Black has the initiative.} 27. Qe2 (27. Re3 $15 Nxd4 28. Rxd4) 27... f5 $17 28. Rf1 (28. Nc3 $142 e5 29. fxe5) 28... fxe4 $1 29. g4 $2 (29. Nc3 $17 d5 30. Rf2) 29... Nxd4 (29... Qxg4 30. Bxe4 Bxe4 31. Qxe4 Nxd4 32. Qxd4 $17) 30. Rxd4 Qc5 31. Rfd1 d5 (31... e5 $142 32. fxe5 (32. Rxd6 $2 exf4 33. b4 e3+ 34. R6d5 Bxd5+ 35. cxd5 Qc7 $19) 32... Qxe5) 32. b4 {[%emt 0:00:25] [#]} (32. Bxe4 $2 dxe4 33. Rxd7 e3+ 34. Kg1 Qc6 35. Rxb7 Rxd1+ 36. Qxd1 Qxb7 $19) 32... Qc7 33. cxd5 $2 {[%emt 0:00:46] [#]} (33. Nc3 $17) 33... exd5 (33... Nf6 $1 $19 34. Bb3 Qxf4) 34. Bb3 {[%emt 0:00:01] Against} Nf8 {[%emt 0:02:31] White must now prevent ...Ne6.} 35. Rxe4 (35. f5 $17) 35... Rxe4 $19 36. Qxe4 Qf7 (36... Kh8 $19 37. Bxd5 Rxd5 38. Rxd5 Qc6) 37. Qd4 ({White should try} 37. Nc3 $11) 37... Kh8 38. f5 {[%emt 0:00:10] Repels Ne6} (38. Qxb6 $2 d4+ 39. Kg1 Qxb3 $19) 38... Qe7 39. Nc3 (39. Qxb6 $2 d4+ $19) 39... Qd6 (39... Nd7 $11) 40. Bxd5 $14 {[%emt 0:02:39] White has more active pieces.} Bxd5+ (40... Qe7 $142) 41. Qxd5 $16 Qxd5+ 42. Rxd5 $14 {[%emt 0:00:00][%mdl 4096] Endgame KRN-KRN} Rc8 43. Ne4 Rc1+ 44. Kg2 {[%emt 0:00:00] aiming for Rd8.} Rc4 45. Kf3 (45. Rd8 Kg8) 45... g6 46. Rd8 Kg8 47. f6 {[%emt 0:00:00] Strongly threatening Re8.} h6 $2 (47... Rxb4 {is a better defense.} 48. Ng5 h5 49. gxh5 gxh5) 48. g5 $18 hxg5 49. Nxg5 Rc6 50. Ne4 Kf7 51. Ra8 Nd7 52. Rxa6 {[%emt 0:01:39] Threatens to win with b5.} Nxf6 $2 (52... g5 53. b5 (53. Nxg5+ Kxf6 54. Ne4+ Ke5 $18) 53... Rc1) 53. b5 {[%emt 0:00:09][%mdl 64] Deflection} Rc1 54. Ng5+ $2 (54. Nxf6 Kxf6 55. Rxb6+ Ke5 56. Rxg6 Rf1+ 57. Ke2) 54... Ke7 55. Rxb6 Rc3+ 56. Ke2 Nd5 57. Re6+ ({Don't play} 57. Rxg6 Rc4 $18) 57... Kd7 58. Re5 Nf4+ 59. Kd2 Ra3 60. Re4 Ra2+ 61. Kc3 Nd5+ 62. Kb3 Rxh2 63. Re5 Rd2 $2 (63... Kd6 64. Re6+ Kc7 65. Rxg6 Rh5 66. Rc6+ Kb7) 64. Ne4 {[%emt 0:00:51] Threatening mate with Rxd5+.} ({Weaker is} 64. a5 Rd4 $16) 64... Rd4 {[%emt 0:01:15] [#]} 65. Rxd5+ $1 {[%emt 0:02:28][%mdl 576] Remove Defender, Decoy. White mates.} Rxd5 66. Nf6+ Kd6 67. Nxd5 Kxd5 68. a5 {[%emt 0:00:05] What a bad dream for Black.   Weighted Error Value: White=0.46/Black=0.44} 1-0

[Event "DFMM-LV 2023"]
[Site "Braunfels"]
[Date "2023.06.09"]
[Round "1.34"]
[White "Kopylov, Luba"]
[Black "Albayrak, Nese Pinar"]
[Result "1-0"]
[Annotator "TA"]
[ECO "E87"]
[WhiteElo "1993"]
[BlackElo "1763"]
[PlyCount "67"]
[EventDate "2023.06.09"]
[EventType "team-tourn"]
[EventCountry "GER"]
[SourceTitle "playchess.com"]
[Source "ChessBase"]
[SourceQuality "1"]
[TimeControl "40/5400+30:1800+30"]

1. d4 Nf6 2. c4 g6 3. Nc3 Bg7 4. e4 d6 5. f3 O-O 6. Be3 e5 7. d5 Na6 8. Qd2 Nc5 9. Nge2 a5 10. g4 {[%emt 0:05:08] E87: King's Indian: Sämisch: 6...e5 7 d5.} ({White should play} 10. O-O-O $16) 10... c6 (10... Bxg4 $1 $11 11. fxg4 Nfxe4 12. Nxe4 Nxe4) 11. dxc6 (11. g5 $16 Nh5 12. Rd1) 11... bxc6 $11 {[%emt 0:00:09] [#]} 12. O-O-O $146 {[%emt 0:00:11] White has an edge.} ({Predecessor:} 12. Rd1 Nb7 13. h4 Be6 14. Ng3 h5 15. gxh5 Nxh5 16. Nxh5 gxh5 17. Bh6 f6 18. Rg1 {1-0 Jusifow,E (1871)-Weist,T (1704) Nuremberg-ch op 06th 2006 (3.33)}) 12... Qb6 (12... Bxg4 $11 {remains equal.} 13. fxg4 Nxg4) 13. Na4 $16 Qb4 (13... Qb7 $142 14. Nxc5 dxc5) 14. Qxb4 {[%emt 0:06:34][%mdl 64] Remove Defender} (14. Qxd6 $2 {too greedy.} Nxa4 15. Qxb4 axb4 $19) 14... axb4 15. Nxc5 dxc5 16. Bxc5 Re8 17. Kb1 ({But not} 17. Bxb4 Rxa2 18. Kb1 Ra7 $14) 17... Be6 18. Nc1 Bf8 19. Bxf8 Kxf8 {[%emt 0:00:17] [#]} 20. h4 (20. Nd3 $142 $1) 20... h5 21. g5 Nd7 22. Rd6 (22. Nd3 $16) 22... Ra6 (22... Rec8 $14) 23. b3 (23. Nd3 $16) 23... Ke7 (23... Nc5 $11) 24. Rd2 c5 (24... Nc5 $14) 25. Nd3 Rf8 26. Bg2 Ra5 (26... Rd6 $14) 27. Rhd1 Rfa8 28. f4 {[%emt 0:02:12] Strongly threatening f5.} exf4 {[%emt 0:01:22] [#]} 29. Nxf4 ({White should try} 29. e5 $1 $16) 29... Ne5 $14 30. Nd5+ Bxd5 $2 {[%emt 0:00:42] Loses the game.} (30... Kf8 $14) 31. exd5 $18 {[%emt 0:00:06] Black must now prevent d6+.} ({Much less strong is} 31. Rxd5 $6 Nc6 32. R1d2 Kf8 $14) 31... Kd6 (31... Re8 {might work better.} 32. Re2 Kd6) 32. Rf1 R8a6 $2 (32... Rf8 33. Re2 Ng4) 33. Re2 Ng4 34. Rxf7 {[%emt 0:15:42] Weighted Error Value: White=0.32/Black=0.72} 1-0

[Event "DFMM-LV 2023"]
[Site "Braunfels"]
[Date "2023.06.09"]
[Round "1.35"]
[White "Albayrak, Berrak"]
[Black "Braeutigam, Katerina"]
[Result "0-1"]
[Annotator "TA"]
[ECO "B10"]
[WhiteElo "1664"]
[BlackElo "1957"]
[PlyCount "76"]
[EventDate "2023.06.09"]
[EventType "team-tourn"]
[EventCountry "GER"]
[SourceTitle "playchess.com"]
[Source "ChessBase"]
[SourceQuality "1"]
[TimeControl "40/5400+30:1800+30"]

1. e4 c6 2. d3 d5 3. Nd2 g6 4. Ngf3 Bg7 5. g3 e5 6. Bg2 Ne7 7. O-O O-O 8. Re1 Qc7 9. exd5 {[%emt 0:08:19] B10: Caro-Kann: 2 d3 and 2 c4.} (9. c3 $11) 9... cxd5 $15 10. c4 Rd8 11. cxd5 {[%emt 0:16:05] Black is slightly better.} Nxd5 12. Nc4 Nc6 13. Bg5 f6 14. Bd2 Qf7 {[%emt 0:05:20] [#]} 15. Qe2 $146 (15. d4 $15) ({Predecessor:} 15. Na5 Nxa5 16. Bxa5 b6 17. Bd2 Bb7 18. Qb3 Re8 19. a4 a5 20. Rac1 Rad8 21. h4 {0-1 Hickman,J (2012)-Williams,P (2132) Guernsey op Grand Havre Bay 2010 (5)}) 15... Ndb4 16. Bxb4 Nxb4 17. d4 exd4 $19 18. Qe7 Qxe7 19. Rxe7 Kf8 20. Re2 Bh6 (20... d3 $19 21. Rd1 Bf5) 21. Re4 $17 Nc2 22. Rd1 d3 $36 {[%emt 0:00:36][%mdl 2048] Black is really pushing.} 23. Ncd2 ({White should try} 23. Rh4 Bg7 24. Na5) 23... Bf5 24. Rh4 Kg7 {[%emt 0:00:16] Black is much more active.} 25. Rc4 (25. Nb3 $17 {was called for.}) 25... Rd7 (25... Rac8 $19 26. Ra4 a6) 26. Nh4 $2 {[%emt 0:00:31] [#] Loses the game.} (26. Nb3 $17 {is a better defense.}) 26... Be6 $19 27. Ra4 a6 28. f4 (28. Nhf3 $142) 28... Ne3 29. Re1 Nxg2 30. Rxe6 (30. Nxg2 Kf7 31. Ne3) 30... Nxh4 31. gxh4 Rc8 {[%emt 0:00:46] [#] ...Rc2 would be deadly.} 32. Kf2 Kf7 33. Rb6 (33. Re1 $142) 33... Re8 {[%emt 0:00:27] Strongly threatening ...Re2+.} 34. Re4 {[%emt 0:00:32] Inhibits Re2+.} Rxe4 35. Nxe4 d2 ({Inferior is} 35... Bxf4 36. Rxf6+ (36. Nxf6 $2 {perishes.} d2 $19) 36... Ke7 37. Rxf4 $11) 36. Nd6+ Ke7 37. Ke2 Bxf4 38. Rxb7 Kxd6 {[%emt 0:00:19] Weighted Error Value: White=0.86/Black=0.24 (precise)} 0-1